 Dungeon Crawl Stone Soup version 0.29.1-1-gd02db6906a (webtiles) character file.

Game seed: 10114673082474901375

211 Icepheonix32 the Trooper (level 5, -1/47 HPs)
             Began as a Minotaur Fighter on Sept 21, 2022.
             Slain by a gnoll
             ... wielding a +0 halberd
              (8 damage)
             ... on level 4 of the Dungeon.
             The game lasted 00:03:49 (2706 turns).

Icepheonix32 the Trooper (Minotaur Fighter)         Turns: 2706, Time: 00:03:49

Health: -1/47      AC:  8    Str: 23    XL:     5   Next: 57%
Magic:  4/4        EV:  9    Int:  5    God:
Gold:   136        SH:  5    Dex: 15    Spells: 4/4 levels left

rFire   . . .      SeeInvis .   a - +0 war axe
rCold   . . .      Faith    .   c - +0 buckler
rNeg    . . .      Spirit   .   b - +0 scale mail
rPois   .          Reflect  .   (helmet restricted)
rElec   .          Harm     .   (no cloak)
rCorr   .          Rampage  .   h - +0 pair of gloves
Will    .....                   (no boots)
Stlth   ..........              (no amulet)
HPRegen 0.15/turn               p - +6 ring of dexterity
MPRegen 0.09/turn               l - +4 ring of slaying

@: mighty
A: horns 2, retaliatory headbutt
a: no special abilities


You were on level 4 of the Dungeon.
You visited 1 branch of the dungeon, and saw 4 of its levels.

You collected 136 gold pieces.

Inventory:

Hand Weapons
 a - a +0 war axe (weapon)
Missiles
 j - 3 atropa-tipped darts (quivered)
Armour
 b - a +0 scale mail (worn)
 c - a +0 buckler (worn)
 h - a +0 pair of gloves (worn)
 m - a +0 chain mail
Jewellery
 g - a ring of see invisible
 l - a +4 ring of slaying (right hand)
 n - a ring of flight
 p - a +6 ring of dexterity (left hand)
 w - a ring of resist corrosion
Wands
 t - a wand of acid (9)
Scrolls
 e - 4 scrolls of brand weapon {unknown}
 o - 3 scrolls of identify {unknown}
 x - 2 scrolls of immolation {unknown}
 y - a scroll of teleportation {unknown}
Potions
 f - a potion of haste {unknown}
 k - 4 potions of heal wounds {unknown}
 q - a potion of cancellation {unknown}
 r - 3 potions of brilliance {unknown}
 u - a potion of curing {unknown}
 v - a potion of mutation {unknown}


   Skills:
 * Level 4.6 Fighting
 + Level 3.6 Axes
 + Level 3.0 Throwing
 + Level 4.6 Armour
 + Level 0.2 Dodging
 + Level 4.1 Shields


You had 4 spell levels left.
You didn't know any spells.
Your spell library contained the following spells:

 Spells                   Type           Power      Damage    Failure   Level
 Apportation              Tloc           0%         N/A       86%         1
 Freeze                   Ice            0%         1d3       86%         1
 Magic Dart               Conj           0%         1d3       86%         1
 Summon Small Mammal      Summ           0%         N/A       86%         1
 Frozen Ramparts          Ice            0%         1d1       99%         3
 Gell's Gravitas          Tloc           0%         N/A       99%         3
 Lesser Beckoning         Tloc           0%         N/A       99%         3
 Portal Projectile        Hex/Tloc       0%         N/A       99%         3
 Teleport Other           Tloc           0%         N/A       99%         3
 Tukima's Dance           Hex            0%         N/A       99%         3
 Hailstorm                Conj/Ice       0%         3d3       100%        4
 Blade Hands              Tmut           0%         N/A       100%        5


Dungeon Overview and Level Annotations

Branches:
Dungeon (4/15)
 Temple: D:4-7

Altars:


Innate Abilities, Weirdness & Mutations

You have a pair of horns on your head.
You reflexively headbutt those who attack you in melee.


Message History

The jackal bites you but does no damage.
The gnoll barely misses you. x2
You are too injured to fight recklessly!
Unknown command.
You are too injured to fight recklessly!
Unknown command.
You are too injured to fight recklessly!
Unknown command.
The jackal closely misses you.
The gnoll hits you from afar with a +0 halberd.
You see here a +0 spear.
You closely miss the jackal. Your headbutt misses the jackal.
The jackal is moderately wounded.
You block the jackal's attack. x2; The gnoll barely misses you.
You block the gnoll's attack.
Unknown command.
You feel very mighty all of a sudden.
The jackal bites you but does no damage.
The gnoll hits you but does no damage.
The gnoll hits you from afar with a +0 halberd.
The jackal bites you.
* * * LOW HITPOINT WARNING * * *
You barely miss the jackal.
The jackal is moderately wounded.
The jackal bites you but does no damage.
You block the gnoll's attack.
The gnoll hits you from afar with a +0 spear.
* * * LOW HITPOINT WARNING * * *
The jackal bites you but does no damage.
The gnoll hits you with a +0 spear.
* * * LOW HITPOINT WARNING * * *
The gnoll hits you from afar with a +0 halberd.
* * * LOW HITPOINT WARNING * * *
The jackal bites you but does no damage.
You hit the gnoll.
The gnoll is lightly wounded.
You closely miss the jackal.
The jackal bites you but does no damage.
The gnoll hits you from afar with a +0 halberd!
You die...

.... .... ..... #.
.... #.. ...# ..#
###...## #.# #)hg...#
#.# ###@#g...# #.#
##.#g#....#
#.###.#.......#
###.###....#.#.####.#
................### #
.##.####...#.#.....
##..........
#......#####
#......####


You could see 2 gnolls and a jackal.

Vanquished Creatures
  An orc priest (D:3)
  8 gnolls
  3 adders
  A dart slug (D:3)
  9 orcs
  3 ball pythons
  5 bats
  4 endoplasms
  2 giant cockroaches (D:3)
  A hobgoblin (D:3)
  6 jackals
  5 kobolds
  4 quokkas
  4 frilled lizards (D:3)
  6 goblins
  3 rats
65 creatures vanquished.

Notes
Turn   | Place    | Note
-------+----------+-------------------------------------------
     0 | D:1      | Icepheonix32 the Minotaur Fighter began the quest for the
                  | Orb.
     0 | D:1      | Reached XP level 1. HP: 19/19 MP: 0/0
    87 | D:1      | Reached XP level 2. HP: 19/27 MP: 1/1
   236 | D:1      | Got Bennes's Magic for Initiates
  1184 | D:2      | Reached XP level 3. HP: 33/33 MP: 2/2
  1507 | D:3      | Reached skill level 1 in Throwing
  1777 | D:3      | Reached XP level 4. HP: 40/40 MP: 3/3
  2210 | D:3      | Reached XP level 5. HP: 36/47 MP: 4/4
  2706 | D:4      | Slain by a gnoll

Illustrated notes

Levels and vault maps discovered:
D:1:      dpeg_arrival_round_b, layout_loops_ring
D:2:      layout_rooms
D:3:      layout_basic
D:4:      layout_loops_cross, fedhas_altar_2, ebering_ghost_sewer_d

Skill      XL: |  1  2  3  4  5 |
---------------+----------------+-----
Fighting       | 4 |  4.6
Shields        | 4 |  4.1
Armour         | 4 |  4.6
Axes           | 3 |  3.6
Throwing       | 1 2 3 |  3.0
Dodging        | |  0.2

Action                   |  1- 3 |  4- 6 || total
-------------------------+-------+-------++-------
Melee: War axe           |    44 |    39 ||    83
       Headbutt          |     1 |     7 ||     8
Throw: Boomerang         |    34 |    33 ||    67
       Dart              |       |     3 ||     3
  Use: Potion            |       |     1 ||     1
Armor: Scale mail        |    31 |    31 ||    62
Dodge: Dodged            |    26 |    25 ||    51
Block: Buckler           |    17 |    18 ||    35
